 Dungeon Crawl Stone Soup version 0.15-a0-1345-gc375f20 (webtiles) character file.

569 Chiseanne the Shield-Bearer (level 7, -3/56 HPs)
             Began as a Formicid Fighter on June 8, 2014.
             Slain by Pikel
             ... wielding a +0,+2 whip of electrocution
              (7 damage)
             ... on Level 4 of the Dungeon.
             The game lasted 00:11:40 (3136 turns).

Chiseanne the Shield-Bearer (Formicid Fighter)      Turns: 3136, Time: 00:11:40

HP  -3/56        AC  6     Str 22      XL: 7   Next: 60%
MP  18/18        EV 11     Int  8      God:
Gold 177         SH 10     Dex 10      Spells:  0 memorised,  6 levels left

rFire  . . .     SeeInvis +     a - +0 war axe
rCold  + . .     Clarity  .     m - +1 leather armour {rC+}
rNeg   . . .     rCorr    .     c - +0 shield
rPois  .         rRot     .     (helmet unavailable)
rElec  .         Spirit   .     (no cloak)
SustAb .         Warding  .     q - +0 pair of gloves
rMut   .         Stasis   +     (no boots)
Gourm  .                        r - amulet of faith
MR     .....                    t - ring of magical power
                                b - cursed ring of regeneration

@: not resistant to hostile enchantments, very unstealthy
A: permanent stasis, dig shafts and tunnels, four strong arms, antennae 3,
molten scales 1, fast metabolism 1, screaming 1
a: Dig, Shaft Self


You were on level 4 of the Dungeon.
You were hungry.

You visited 1 branch of the dungeon, and saw 4 of its levels.

You collected 177 gold pieces.

Inventory:

Hand weapons
 a - a +0,+0 war axe (weapon)
 s - a +0,+0 dire flail
Missiles
 h - 4 javelins (quivered)
Armour
 c - a +0 shield (worn)
 m - a +1 leather armour of cold resistance (worn)
 q - a +0 pair of gloves (worn)
Magical devices
 j - a wand of digging (11)
 o - a wand of confusion (11)
Comestibles
 d - 5 bread rations
 g - 6 fruits
 i - 3 meat rations
 v - a rotting chunk of worker ant flesh
Scrolls
 k - 5 scrolls of identify
 l - 3 scrolls of remove curse
 w - a scroll of fog
Jewellery
 b - a cursed ring of regeneration (left hand)
 r - an amulet of faith (around neck)
 t - a ring of magical power (right hand)
Potions
 e - a potion of heal wounds
 f - a potion of might
 n - a potion of restore abilities
 p - 2 potions of porridge
 u - a potion of curing


   Skills:
 * Level 5.0 Fighting
 * Level 3.4 Axes
 * Level 1.1 Maces & Flails
   Level 0.4 Polearms
 * Level 4.6 Armour
 * Level 3.3 Dodging
 * Level 5.4 Shields


You had 6 spell levels left.
You didn't know any spells.

Dungeon Overview and Level Annotations

Branches:
Dungeon (4/15)
 Temple: D:4-7

Altars:
Fedhas
Kikubaaqudgha

Annotations:
D:4 Pikel


Innate Abilities, Weirdness & Mutations

Your are under a permanent stasis effect.
You can dig through walls and to a lower floor.
Your four strong arms can wield two-handed weapons with a shield.
You have a pair of large antennae on your head (SInv).
You are partially covered in molten scales (AC +1).
You have a fast metabolism.
You occasionally shout uncontrollably at your foes.


Message History

That felt strangely unrewarding.
You barely miss the slave. You slash Pikel!
Pikel is heavily wounded.
Your shield prevents you from hitting the slave.
The slave is moderately wounded.
You block the slave's attack. x2
Pikel hits you with a runed whip.
* * * LOW HITPOINT WARNING * * *
The slave hits you but does no damage. The slave hits you.
* * * LOW HITPOINT WARNING * * *
You closely miss the slave.
The slave is moderately wounded.
You hit Pikel.
Pikel is severely wounded.
You hit the slave but do no damage. Pikel barely misses you.
The slave hits you!
* * * LOW HITPOINT WARNING * * *
The slave hits you.
* * * LOW HITPOINT WARNING * * *
Pikel hits you with a runed whip!
You die...

#...........########
#...................
#.#####.######......
#.# #.# #...... #.#
#.# #......
#?#####.######......
#..........<........
#.p.................
#.K@..........>.....
#.p[.......((.......
#..........#))######
#..........#.).....#
#..######.)#.......#
#..# #..#.......#
#..# #..#.......#
#..# #..#.......#
#..# #..#.......#


You could see Pikel and 2 slaves.

Vanquished Creatures
  Edmund (D:4)
  Menkaure (D:4)
  A slave (D:4)
  A hound (D:4)
  2 worker ants (D:4)
  3 orc wizards
  Jessica (D:2)
  5 adders
  3 worms (D:2)
  An ooze (D:3)
  14 orcs
  6 bats
  3 giant cockroaches
  7 goblins
  11 hobgoblins
  6 jackals
  3 quokkas
  2 ball pythons (D:1)
  4 giant geckos
  5 giant newts
  10 kobolds
  2 orc skeletons (D:4)
  20 rats
112 creatures vanquished.

Notes
Turn   | Place    | Note
--------------------------------------------------------------
     0 | D:1      | Chiseanne, the Formicid Fighter, began the quest for the Orb.
     0 | D:1      | Reached XP level 1. HP: 18/18 MP: 1/1
   125 | D:1      | Reached XP level 2. HP: 21/24 MP: 3/3
   308 | D:1      | Reached skill level 4 in Fighting
   321 | D:1      | Reached XP level 3. HP: 27/30 MP: 4/4
   837 | D:1      | Gained mutation: You are partially covered in molten scales (AC +1). [potion of mutation]
   837 | D:1      | Gained mutation: You have a fast metabolism. [potion of mutation]
   837 | D:1      | Gained mutation: You occasionally shout uncontrollably at your foes. [potion of mutation]
  1061 | D:2      | Reached XP level 4. HP: 30/37 MP: 5/5
  1130 | D:2      | Reached skill level 1 in Dodging
  1252 | D:2      | Noticed Jessica
  1256 | D:2      | Killed Jessica
  1343 | D:2      | Found an ancient bone altar of Kikubaaqudgha.
  1344 | D:2      | Found a blossoming altar of Fedhas.
  1454 | D:2      | Reached XP level 5. HP: 40/42 MP: 7/7
  1754 | D:3      | HP: 2/42 [orc wizard/puff of flame (3)]
  2424 | D:3      | Reached XP level 6. HP: 48/48 MP: 8/8
  2594 | D:4      | Noticed Edmund
  2619 | D:4      | Killed Edmund
  2619 | D:4      | Reached skill level 5 in Shields
  2726 | D:4      | Noticed Menkaure
  2737 | D:4      | Killed Menkaure
  2737 | D:4      | Reached skill level 1 in Maces & Flails
  2737 | D:4      | Reached XP level 7. HP: 35/55 MP: 9/9
  3027 | D:4      | Reached skill level 5 in Fighting
  3071 | D:4      | Noticed a slave
  3113 | D:4      | Noticed Pikel
  3117 | D:4      | Noticed a slave
  3119 | D:4      | Noticed a slave
  3135 | D:4      | Killed a slave
  3136 | D:4      | Slain by Pikel

Action                   |  1- 3 |  4- 6 |  7- 9 || total
-------------------------+-------+-------+-------++-------
Melee: War axe           |    93 |   157 |    22 ||   272
       Trident           |       |    10 |       ||    10
       Dire flail        |       |    11 |    22 ||    33
Evoke: Wand              |     1 |     5 |     1 ||     7
  Use: Scroll            |     3 |     6 |       ||     9
       Potion            |     3 |     5 |     1 ||     9
 Stab: Invisible         |       |     1 |       ||     1
       Confused          |       |     1 |     1 ||     2
